 Dungeon Sprint DCSS version 0.21.1-1-g345015f (webtiles) character file.

7900000 Fang the Sabretooth (level 17, -21/104 HPs)
             Began as a Felid Fighter on Apr 13, 2018.
             Was the Champion of Makhleb.
             Demolished by a meat berserker
             ... wielding a +9 battleaxe
              (74 damage)
             ... in the Dungeon (Sprint VIII: "Arena of Blood") on Apr 16, 2018.
             The game lasted 00:02:03 (79 turns).

Fang the Sabretooth (Felid Fighter)                   Turns: 79, Time: 00:02:04

Health: -21/104    AC:  3    Str: 18    XL:     17   Next: 48%
Magic:  49/49      EV: 39    Int: 11    God:    Makhleb [******]
Gold:   0          SH:  0    Dex: 16    Spells: 70/70 levels left
                                        Lives:  0   Deaths: 5

rFire    . . .     SeeInvis +     - Unarmed
rCold    + . .     Gourm    .   (shield unavailable)
rNeg     . . .     Faith    .   (armour unavailable)
rPois    .         Spirit   .   (helmet unavailable)
rElec    .         Reflect  .   (cloak unavailable)
rCorr    .         Harm     .   (gloves unavailable)
MR       ++...     NoTele   +   (boots unavailable)
Stlth    +++++++++.             (no amulet)
HPRegen  0.27/turn              i - +27000 ring of slaying
MPRegen  0.31/turn              (no ring)

@: quick
A: very small, no armour, no weapons or thrown items, stealth, claws 1, fangs 3,
see invisible, carnivore, speed 1, shaggy fur 3, slow metabolism 1, sharp paws
a: Minor Destruction, Lesser Servant of Makhleb, Major Destruction, Greater
Servant of Makhleb, Renounce Religion


You were in the Dungeon.
You worshipped Makhleb.
Makhleb was exalted by your worship.
You were not hungry.

You visited 1 branch

Inventory:

Jewellery
 i - a +27000 ring of slaying (left paw)
Scrolls
 h - a scroll of blinking
Potions
 a - a potion of might
 c - a potion of curing
 d - a potion of heal wounds
 e - a potion of haste
 f - 2 potions of magic
 g - a potion of berserk rage
Comestibles
 b - a ration


   Skills:
 O Level 27 Fighting
 O Level 27 Dodging
 O Level 27 Stealth
 O Level 27 Unarmed Combat
 O Level 27 Spellcasting
 O Level 27 Invocations


You had 70 spell levels left.
You didn't know any spells.

Dungeon Overview and Level Annotations

Branches:
Dungeon (1/1)

Altars:
Makhleb


Innate Abilities, Weirdness & Mutations

You cannot wear armour.
You are incapable of wielding weapons or throwing items.
Your paws allow you to move quietly. (Stealth)
You have sharp claws.
You have razor-sharp teeth.
You have supernaturally acute eyesight. (SInv)
You are carnivorous and can eat meat at any time.
You cover ground quickly.
Your thick and shaggy fur keeps you warm. (AC +3, rC+)
You have a slow metabolism.
Your sharp claws are effective at attacking unaware monsters.


Message History

The small abomination misses you.
You hear a shout!
The large abomination completely misses you.
You hear a shout!
The dread calls on the powers of darkness!
The bag of meat convulses! x2; The meat berserker convulses!
Your body is wracked with pain!
* * * LOW HITPOINT WARNING * * *
You hear a shout!
You eviscerate the large abomination!!!!!!!!!!!!
You destroy the large abomination!
Makhleb accepts your kill.
You feel better.
You hear a chilling moan.
You hear a shout! x2
The small abomination completely misses you.
You hear a shout!
You hear a shout! x2
The meat berserker hits you with a +9 battleaxe!!!!
Ouch! That really hurt!
You die...

################
.z....))Xz@.)Vo####
.......XXLOx..V...####
....##.##o#####......####
... ....XXXX...OoOo.....#
# ....##W##O..o.)o.......
..... ....oo..Oo.VMo....
.......#.#§.ooo)o#M....
............oV.####..o.
o.........§O...o....


You could see a tentacled monstrosity, a tyrant, 2 destroyers, a sculptor of
flesh, a large bag of meat (inner flame), 4 large abominations, a dread, a meat
berserker (berserk), a small abomination and 2 bags of meat.

Vanquished Creatures
  3 vampire knights (D)
  8 ogres (D)
  A two-headed ogre (D)
  A hydra (D)
  18 orcs (D)
  2 small abominations (D)
  A large abomination (D)
  A crawling corpse (D)
35 creatures vanquished.

Notes
Turn   | Place    | Note
-------+----------+-------------------------------------------
     0 | D        | Fang the Felid Fighter began the quest for the Orb.
     0 | D        | Reached XP level 1. HP: 10/10 MP: 2/2
     3 | D        | Noticed a bag of meat
     4 | D        | Became a worshipper of Makhleb the Destroyer
     5 | D        | Noticed a bag of meat
     7 | D        | Noticed a bag of meat
     9 | D        | Noticed a meat berserker
     9 | D        | Noticed a meat berserker
    10 | D        | Noticed a bag of meat
    10 | D        | Noticed a bag of meat
    10 | D        | Noticed a meat berserker
    11 | D        | Killed a meat berserker
    11 | D        | Reached skill level 15 in Fighting
    11 | D        | Reached XP level 2. HP: 27/27 MP: 3/3
    11 | D        | Reached XP level 3. HP: 30/30 MP: 4/4
    11 | D        | Reached XP level 4. HP: 34/34 MP: 5/5
    11 | D        | Reached XP level 5. HP: 38/38 MP: 6/6
    11 | D        | Gained mutation: You are covered in thick fur. (AC +2) [Felid growth]
    11 | D        | Reached XP level 6. HP: 42/42 MP: 7/7
    11 | D        | Reached XP level 7. HP: 46/46 MP: 8/8
    11 | D        | Reached XP level 8. HP: 50/50 MP: 9/9
    11 | D        | Reached XP level 9. HP: 54/54 MP: 10/10
    11 | D        | Reached XP level 10. HP: 58/58 MP: 11/11
    11 | D        | Reached XP level 11. HP: 62/62 MP: 12/12
    11 | D        | Gained mutation: Your thick and shaggy fur keeps you warm. (AC +3, rC+) [Felid growth]
    11 | D        | Reached XP level 12. HP: 66/66 MP: 13/13
    11 | D        | Reached XP level 13. HP: 70/70 MP: 14/14
    12 | D        | Noticed a meat berserker
    12 | D        | Noticed a meat berserker
    12 | D        | Killed a bag of meat
    12 | D        | Reached * piety under Makhleb
    13 | D        | Killed a bag of meat
    13 | D        | Reached skill level 27 in Unarmed Combat
    13 | D        | Reached XP level 14. HP: 78/78 MP: 15/15
    14 | D        | Noticed a bag of meat
    14 | D        | Annihilated by a meat berserker
    14 | D        | Noticed a bag of meat
    15 | D        | Reached XP level 13. HP: -31/74 MP: 14/14
    15 | D        | Noticed a bag of meat
    17 | D        | Noticed a meat berserker
    17 | D        | Noticed a bag of meat
    17 | D        | Noticed a bag of meat
    18 | D        | Noticed a bag of meat
    18 | D        | Noticed a bag of meat
    18 | D        | Noticed a destroyer
    18 | D        | Killed a bag of meat
    18 | D        | Reached XP level 14. HP: 81/81 MP: 15/15
    19 | D        | Noticed a bag of meat
    19 | D        | Noticed a bag of meat
    19 | D        | Noticed a destroyer
    19 | D        | Noticed a bag of meat
    19 | D        | Noticed a meat berserker
    19 | D        | Noticed a bag of meat
    20 | D        | Noticed a bag of meat
    20 | D        | Noticed a meat berserker
    20 | D        | Noticed a bag of meat
    20 | D        | Noticed a bag of meat
    20 | D        | Noticed a bag of meat
    20 | D        | Noticed a bag of meat
    21 | D        | Noticed a meat berserker
    21 | D        | Killed a bag of meat
    21 | D        | Reached ** piety under Makhleb
    22 | D        | Noticed a bag of meat
    22 | D        | Killed a meat berserker
    22 | D        | Reached skill level 27 in Fighting
    22 | D        | Reached skill level 27 in Dodging
    22 | D        | Reached XP level 15. HP: 95/95 MP: 16/16
    23 | D        | Noticed a destroyer
    23 | D        | Noticed a large bag of meat
    24 | D        | Noticed a meat berserker
    24 | D        | Killed a meat berserker
    24 | D        | Reached XP level 16. HP: 100/100 MP: 16/32
    25 | D        | Noticed a meat berserker
    25 | D        | Reached *** piety under Makhleb
    26 | D        | Annihilated by a destroyer
    27 | D        | Reached XP level 15. HP: -125/95 MP: 16/33
    27 | D        | Noticed a destroyer
    27 | D        | Noticed a large bag of meat
    27 | D        | Noticed a destroyer
    29 | D        | Killed a destroyer
    29 | D        | Reached XP level 16. HP: 57/100 MP: 33/38
    31 | D        | Reached skill level 27 in Stealth
    32 | D        | Noticed an eight-headed meat hydra
    32 | D        | Reached **** piety under Makhleb
    33 | D        | Noticed a meat berserker
    34 | D        | Reached XP level 17. HP: 42/104 MP: 34/43
    35 | D        | Noticed a destroyer
    35 | D        | Noticed a meat berserker
    35 | D        | Killed a meat berserker
    36 | D        | Noticed a large bag of meat
    38 | D        | Killed a destroyer
    38 | D        | Reached ***** piety under Makhleb
    38 | D        | Reached skill level 27 in Invocations
    38 | D        | Annihilated by a large bag of meat
    39 | D        | Reached XP level 16. HP: -76/100 MP: 35/46
    39 | D        | Noticed a meat berserker
    39 | D        | Noticed a large bag of meat
    42 | D        | Killed a meat berserker
    42 | D        | Reached skill level 27 in Spellcasting
    42 | D        | Reached XP level 17. HP: 104/104 MP: 46/49
    47 | D        | Noticed a tyrant
    47 | D        | Killed a large bag of meat
    51 | D        | Killed an eight-headed meat hydra
    52 | D        | Reached ****** piety under Makhleb
    53 | D        | Noticed a sculptor of flesh
    54 | D        | Killed a destroyer
    54 | D        | Reached XP level 18. HP: 13/109 MP: 48/50
    54 | D        | Mangled by a bag of meat
    55 | D        | Reached XP level 17. HP: -13/104 MP: 48/49
    56 | D        | Killed a meat berserker
    57 | D        | Noticed a meat berserker
    59 | D        | Noticed a destroyer
    63 | D        | Noticed a destroyer
    63 | D        | Annihilated by a bag of meat
    64 | D        | Reached XP level 16. HP: -27/100 MP: 48/48
    66 | D        | Noticed a tentacled monstrosity
    68 | D        | Killed a meat berserker
    68 | D        | Reached XP level 17. HP: 104/104 MP: 49/49
    69 | D        | Noticed a dread
    73 | D        | Noticed a meat berserker
    74 | D        | Killed a meat berserker
    75 | D        | Noticed an accursed
    75 | D        | Noticed an accursed
    79 | D        | Demolished by a meat berserker

Skill      XL: |  1  2  3  4  5  6  7  8  9 10 11 12 13 14 15 16 17 |
---------------+----------------------------------------------------+-----
Fighting       | 15 20 27 | 27.0
Dodging        | 18 24 27 | 27.0
Unarmed Combat | 24 27 | 27.0
Stealth        | 25 27 | 27.0
Spellcasting   | 17 27 25 | 27.0
Invocations    | 19 22 27 | 27.0

Action                   |  1- 3 |  4- 6 |  7- 9 | 10-12 | 13-15 | 16-18 || total
-------------------------+-------+-------+-------+-------+-------+-------++-------
Melee: Unarmed           |     1 |       |       |       |     7 |    28 ||    36
Armor: Skin              |       |       |       |       |       |     1 ||     1
Dodge: Dodged            |       |       |       |       |     2 |    23 ||    25
